 Dungeon Crawl Stone Soup version 0.27-a0-79-gcaaa221d37 (webtiles) character file.

Game seed: 18249943003691115222

41 kae the Insei (level 3, -1/23 HPs)
             Began as an Octopode Transmuter on Jan 14, 2021.
             Slain by a goblin (2 damage)
             ... on level 2 of the Dungeon.
             The game lasted 00:00:25 (1348 turns).

kae the Insei (Octopode Transmuter)                 Turns: 1348, Time: 00:00:25

Health: -1/23      AC:  1    Str: 10    XL:     3   Next: 52%
Magic:  6/6        EV: 13    Int: 15    God:
Gold:   56         SH:  0    Dex: 12    Spells: 5/6 levels left

rFire    . . .     SeeInvis .     - Unarmed
rCold    . . .     Faith    .   (no shield)
rNeg     . . .     Spirit   .   (helmet currently unavailable)
rPois    .         Reflect  .   (no amulet)
rElec    .         Harm     .   (no ring)
rCorr    .         Rampage  .   (no ring)
Will     .....                  (no ring)
Stlth    ++........             (no ring)
HPRegen  0.07/turn              (no ring)
MPRegen  0.10/turn              (no ring)
                                (no ring)
                                (no ring)

@: lethally poisoned (-1 -> -9), appendages (expiring)
A: almost no armour, stealthy swim, amphibious, 8 rings, constrict 8, tentacle
spike 3, camouflage 1, gelatinous body 1
a: End Transformation


You were on level 2 of the Dungeon.
One of your tentacles had a temporary spike.
You visited 1 branch of the dungeon, and saw 2 of its levels.

You collected 56 gold pieces.

Inventory:

Jewellery
 e - a cursed ring of teleportation {unknown}
Scrolls
 a - a scroll of enchant armour {unknown}
 b - a scroll of teleportation {unknown}
 c - a scroll of amnesia {unknown}
 d - 2 scrolls of fear {unknown}
 f - a scroll of remove curse {unknown}
 g - a scroll of identify {unknown}
Potions
 h - a potion of berserk rage {unknown}
 i - a potion of degeneration {unknown}


   Skills:
 + Level 1.5 Fighting
 + Level 2.3 Dodging
 * Level 3.5 Unarmed Combat
 + Level 2.2 Spellcasting
 + Level 2.3 Transmutations


You had 5 spell levels left.
You knew the following spells:

 Your Spells              Type           Power        Failure   Level
a - Beastly Appendage     Tmut           16%          9%          1

Your spell library contained the following spells:

 Spells                   Type           Power        Failure   Level
 Wereblood                Tmut           8%           13%         2
 Spider Form              Tmut/Pois      2%           38%         3
 Ice Form                 Ice/Tmut       5%           80%         4
 Blade Hands              Tmut           4%           93%         5


Dungeon Overview and Level Annotations

Branches:
Dungeon (2/15)

Altars:


Innate Abilities, Weirdness & Mutations

You cannot wear most types of armour.
You are very stealthy in the water. (Stealth+)
You are amphibious.
You can wear up to eight rings at the same time.
You can use your tentacles to constrict eight enemies at once.
Your skin changes colour to match your surroundings (Stealth+).
Your rubbery body absorbs attacks. (AC +1, EV +1)
One of your tentacles bears a large vicious spike.


Message History

The adder poisons you! The goblin hits you.
* * * LOW HITPOINT WARNING * * *
You tentacle-slap the adder. Your grab misses the adder.
Your squeeze misses the adder.
The adder is severely wounded.
The adder barely misses you. The bat misses you. The goblin barely misses you.
You tentacle-slap the adder.
You kill the adder!
* * * LOW HITPOINT WARNING * * *
You feel sick. The bat closely misses you.
* * * LOW HITPOINT WARNING * * *
You feel sick. The bat hits you but does no damage. x2
The goblin hits you but does no damage.
Things that are here:
a cursed +0 club; an adder corpse; a goblin corpse You barely miss the goblin.
Your grab misses the goblin.
Your tentacle spike misses the goblin.
The bat hits you.
* * * LOW HITPOINT WARNING * * *
The goblin hits you.
You die...

.#. ...# .. ...
...##.#### #.# ##..
...... ##.# #...#......
## ... ..#.......
.#######.# #.#.......
.........######$#b..<...
.#######........@.......
.........######g#^......
########## #>##......
#.# #..... #.. ###.# ...
# .... ....


You could see a goblin and a bat.

Vanquished Creatures
  2 adders (D:2)
  2 dart slugs
  3 bats
  3 giant cockroaches (D:2)
  6 goblins
  A frilled lizard (D:1)
  A rat (D:1)
18 creatures vanquished.

Notes
Turn   | Place    | Note
-------+----------+-------------------------------------------
     0 | D:1      | kae the Octopode Transmuter began the quest for the Orb.
     0 | D:1      | Reached XP level 1. HP: 13/13 MP: 3/3
   523 | D:1      | Reached XP level 2. HP: 18/18 MP: 3/5
   936 | D:2      | Reached XP level 3. HP: 3/23 MP: 6/6
   955 | D:2      | HP: 1/34 [poisoned by an adder]
  1348 | D:2      | HP: 1/23 [bat (1)]
  1348 | D:2      | Slain by a goblin

Illustrated notes

Levels and vault maps discovered:
D:1:      dpeg_arrival_rhombus, layout_basic
D:2:      layout_rooms

Action                   || total
-------------------------++-------
Melee: Unarmed           ||    48
       Constrict         ||    10
       Kick              ||     4
       Tentacles         ||     5
 Cast: Beastly Appendage ||    11
  Use: Potion            ||     1
 Stab: Sleeping          ||     4
Armor: Skin              ||    10
Dodge: Dodged            ||    43

Table legend: (Time is in decaauts)
 A = Elapsed time spent in this place.
 B = Non-inter-level travel time spent in this place.
 C = Inter-level travel time spent in this place.
 D = Time resting spent in this place.
 E = Time spent auto-exploring this place.
 F = Levels seen in this place.
 G = Mean time per level.
                   A        B        C        D        E       F      G
               +--------+--------+--------+--------+--------+-----+--------+
         Total |   1344 |   1310 |     34 |    325 |    850 |   2 |  672.0 |
       Dungeon |   1344 |   1310 |     34 |    325 |    850 |   2 |  672.0 |
               +--------+--------+--------+--------+--------+-----+--------+

Top non-repeatable levels by time:
     D:1: 835 daAuts
     D:2: 509 daAuts
